Workbook

Sheet Resumo
A1: Quadro Resumo
A3: Prestação de serviços continuados de recepção, portaria e copeiragem, conforme condições, quantidades e exigências estabelecidas neste Edital e seus anexos. O lance deverá ser ofertado pelo valor mensal do item.
A4: Unidade de medida adotada: Posto de trabalho | H4: O prazo de vigência do contrato é de 60 (sessena) meses
A6: CONVENÇÃO COLETIVA DE TRABALHO 2026/2026
A7: NÚMERO DE REGISTRO NO MTE: | H7: RS000041/2026
A9: Resumo dos preços ofertados para o Grupo 01:
A10: Item | C10: Descrição/ especificação | H10: QTDE. POSTOS [a] | J10: VALOR MENSAL DE CADA POSTO (R$) [b] | L10: VALOR MENSAL (R$) [c] = [a] x [b] | N10: VALOR TOTAL PARA 60 MESES (R$) [d] = [c] x 60 | Q10: Valor unitário total (R$) [e] = [b] x 60
A11: G1 | B11: 1 | C11: Recepcionista 30 horas semanais. | H11: 2 | J11: =Recepcionista!C161 -> 3914.9 | L11: =J11*H11 -> 7829.8 | N11: =L11*60 -> 469788 | Q11: =J11*60 -> 234894
B12: 2 | C12: Recepcionista 30 horas C/Add Noturno | H12: 1 | J12: ='Recepcionista Noturno'!C161 -> 4080.63 | L12: =J12*H12 -> 4080.63 | N12: =L12*60 -> 244837.8 | Q12: =J12*60 -> 244837.8
B13: 3 | C13: Porteiro 30 horas semanais. | H13: 2 | J13: =Porteiro!C161 -> 3809.01 | L13: =J13*H13 -> 7618.02 | N13: =L13*60 -> 457081.2 | Q13: =J13*60 -> 228540.6
B14: 4 | C14: Porteiro 30 horas C/Add Noturno | H14: 1 | J14: ='Porteiro noturno'!C161 -> 3971.99 | L14: =J14*H14 -> 3971.99 | N14: =L14*60 -> 238319.4 | Q14: =J14*60 -> 238319.4
B15: 5 | C15: Copeira 40 horas semanais. | H15: 1 | J15: =Copeira!C161 -> 5161.48 | L15: =J15*H15 -> 5161.48 | N15: =L15*60 -> 309688.8 | Q15: =J15*60 -> 309688.8
A16: TOTAL GLOBAL | L16: =SUM(L11:M15) -> 28661.92 | N16: =SUM(N11:P15) -> 1719715.2

Sheet Recepcionista
A1: Processo Administrativo n.° 23166.000255.2026-22
A2: PREGÃO ELETRÔNICO Nº 90004/2026
A4: PLANILHA DE CUSTOS E FORMAÇÃO DE PREÇOS
A5: Com ajustes após publicação da Lei n° 13.467, de 2017; IN 5/17 e IN7/18
A7: Dados para composição dos custos referentes a mão de obra
A8: 1 | B8: Tipo de Serviço (mesmo serviço com características distintas) | C8: Recepcionista 30 horas semanais.
A9: 2 | B9: Classificação Brasileira de Ocupações (CBO) | C9: 4221-05
A10: 3 | B10: Salário Normativo da Categoria Profissional | C10: 1996.44
A11: 4 | B11: Categoria Profissional (vinculada à execução contratual) | C11: Recepcionista 30 horas semanais.
A12: 5 | B12: Convenção Coletiva | C12: RS000041/2026
A13: 5 | B13: Data-Base da Categoria (dia/mês/ano) | C13: 01º de janeiro
A14: 6 | B14: Data de apresentação desta proposta de preços | C14: xx/xx/26
A15: 7 | B15: Local da prestação dos serviços | C15: Charqueadas/RS
A16: Nota 1: Deverá ser elaborado um quadro para cada tipo de serviço.
A17: Nota 2: A planilha será calculada considerando o valor mensal do empregado.
A19: Módulo 1 - Composição da Remuneração
A21: 1 | B21: Composição da Remuneração | C21: Valor (R$)
A22: A | B22: Salário-Base (a considerar tendo em vista o ETP) | C22: 1633.45
A23: B | B23: Adicional de Periculosidade | C23: R$ -
A24: C | B24: Adicional de Insalubridade | C24: R$ -
A25: D | B25: Adicional Noturno | C25: R$ -
A26: E | B26: Adicional de Hora Noturna Reduzida | C26: R$ -
A27: F | B27: Outros (Gratificação por Assiduidade) | C27: R$ -
A28: Total | C28: 1633.45
A29: Nota 1: O Módulo 1 refere-se ao valor mensal devido ao empregado pela prestação do serviço no período de 12 meses.
A31: Módulo 2 - Encargos e Benefícios Anuais, Mensais e Diários
A32: Nota 1: Como a planilha de custos e formação de preços é calculada mensalmente, provisiona-se proporcionalmente 1/12 (um doze avos) dos valores referentes a gratificação natalina, férias e adicional de férias.
A33: Nota 2: O adicional de férias contido no Submódulo 2.1 corresponde a 1/3 (um terço) da remuneração que por sua vez é divido por 12 (doze) conforme Nota 1 acima.
A34: Nota 3: Levando em consideração a vigência contratual prevista no art. 57 da Lei nº 8.666, de 23 de junho de 1993, a rubrica férias tem como objetivo principal suprir a necessidade do pagamento das férias remuneradas ao final do contrato de 12 meses. Esta rubrica, quando da prorrogação contratual, torna-se custo não renovável.
A36: Submódulo 2.1 - 13º (décimo terceiro) Salário, Férias e Adicional de Férias
A38: 2.1 | B38: 13º (décimo terceiro) Salário, Férias e Adicional de Férias | C38: Percentual (%) | D38: Valor (R$)
A39: A | B39: 13º (décimo terceiro) Salário | C39: 0.0833 | D39: 136.12
A40: B | B40: Férias e Adicional de Férias | C40: 0.03025 | D40: 49.41
A41: TOTAL | D41: 185.53
A43: • DECLARAMOS para os fins de direito, caso seja declarada vencedora do certame e celebrado o respectivo Contrato Administrativo, que se compromete a observar a legislação trabalhista, previdenciária e de segurança e saúde do trabalho, responsabilizando-se pela formalização e registro contratuais e pela previsão de gastos com meio ambiente do trabalho, incluindo equipamentos de proteção;"
A44: Base de cálculo deste submódulo (M1+SM2.1): | C44: 1818.98
A45: 2.2 | B45: GPS, FGTS e outras contribuições | C45: Percentual (%) | D45: Valor (R$)
A46: A | B46: INSS | C46: 0.2 | D46: 363.8
A47: B | B47: Salário Educação | C47: 0.025 | D47: 45.47
A48: C | B48: SAT - A licitante deve comprovar com a SEFIP o percentual (1% a 3%) | C48: 0.02 | D48: 36.38
A49: D | B49: SESC ou SESI | C49: 0.015 | D49: 27.28
A50: E | B50: SENAI - SENAC | C50: 0.01 | D50: 18.19
A51: F | B51: SEBRAE | C51: 0.006 | D51: 10.91
A52: G | B52: INCRA | C52: 0.002 | D52: 3.64
A53: H | B53: FGTS | C53: 0.08 | D53: 145.52
A54: Total | C54: 0.358 | D54: 651.19
A55: Nota 1: Os percentuais dos encargos previdenciários, do FGTS e demais contribuições são aqueles estabelecidos pela legislação vigente.
A56: Nota 2: O SAT a depender do grau de risco do serviço irá variar entre 1%, para risco leve, de 2%, para risco médio, e de 3% de risco grave.
A57: Nota 3: Esses percentuais incidem sobre o Módulo 1, o Submódulo 2.1.
A59: Submódulo 2.3 - Benefícios Mensais e Diários.
A61: 2.3 | B61: Benefícios Mensais e Diários | D61: Valor (R$)
A62: A | B62: Vale Transporte | D62: 89.19
A63: B | B63: Auxílio-Refeição/Alimentação, conforme CCT (Vales, cesta básica etc.) | D63: 285.78
A64: C | B64: Plano de Saúde | D64: R$ -
A65: D | B65: Seguro de vida | D65: R$ -
A66: E | B66: Cesta Básica | D66: R$ -
A67: F | B67: Plano de Benefício Social Familiar | D67: 24.1
A68: G | B68: Benefício Assistencial ao Trabalhador | D68: R$ -
A69: H | B69: Plano Odontológico | D69: R$ -
A70: I | B70: Prêmio Assiduidade | D70: 40
A71: Total | D71: 439.07
A72: Nota 1: O valor informado deverá ser o custo real do benefício (descontado o valor eventualmente pago pelo empregado).
A73: Nota 2: Observar a previsão dos benefícios contidos em Acordos, Convenções e Dissídios Coletivos de Trabalho e atentar-se ao disposto no art. 6º da Instrução Normativa 05/2017-SEGES/MPDG (pagamento de participação em lucros e resultados).
A75: Quadro-Resumo do Módulo 2 - Encargos e Benefícios anuais, mensais e diários
A77: 2 | B77: Encargos e Benefícios Anuais, Mensais e Diários | C77: Valor (R$)
A78: 2.1 | B78: 13º (décimo terceiro) Salário, Férias e Adicional de Férias | C78: 185.53
A79: 2.2 | B79: GPS, FGTS e outras contribuições | C79: 651.19
A80: 2.3 | B80: Benefícios Mensais e Diários | C80: 439.07
A81: Total | C81: 1275.79
A84: Módulo 3 - Provisão para Rescisão
A85: Base de cálculo deste Modulo (M1): | C85: 1633.45
A86: 3 | B86: Provisão para Rescisão | C86: % | D86: Valor (R$)
A87: A | B87: Aviso Prévio Indenizado | C87: 0.00042 | D87: 0.68
A88: B | B88: Incidência do FGTS sobre o Aviso Prévio Indenizado | C88: 3e-05 | D88: 0.054
A89: C | B89: Multa do FGTS e contribuição social sobre o Aviso Prévio Indenizado. | C89: 0.0325 | D89: 53.09
A90: D | B90: Aviso Prévio Trabalhado | C90: 0.00194 | D90: 3.18
A91: E | B91: Incidência de GPS, FGTS e outras contribuições sobre o Aviso Prévio Trabalhado | C91: 0.0007 | D91: 1.14
A92: F | B92: Multa do FGTS e contribuição social sobre o Aviso Prévio Trabalhado | C92: 0.0075 | D92: 12.25
A93: Total | C93: 0.0431 | D93: 70.39
A96: Módulo 4 - Custo de Reposição do Profissional Ausente
A97: Nota 1: Os itens que contemplam o módulo 4 se referem ao custo dos dias trabalhados pelo repositor/substituto, quando o empregado alocado na prestação de serviço estiver ausente, conforme as previsões estabelecidas na legislação.
A99: Submódulo 4.1 - Ausências Legais
A100: Base de cálculo deste Modulo (M1+SM2.2): | C100: 2284.64
A101: 4.1 | B101: Ausências Legais | C101: % | D101: Valor (R$)
A102: A | B102: Substituto na cobertura de Férias | C102: 0.09075 | D102: 207.33
A103: B | B103: Substituto na cobertura de Ausências Legais | C103: 0.0056 | D103: 12.69
A104: C | B104: Substituto na cobertura de Licença - Paternidade | C104: 0 | D104: R$ -
A105: D | B105: Substituto na cobertura de Ausência por acidente de trabalho | C105: 0 | D105: R$ -
A106: E | B106: Substituto na cobertura de Afastamento Maternidade | C106: 0 | D106: R$ -
A107: F | B107: Substituto na cobertura de Outras ausências (especificar) | C107: 0 | D107: R$ -
A108: Total | D108: 220.02
A110: Submódulo 4.2 - Intrajornada
A111: Base de cálculo da Intrajornada (M1+M2+M3): | C111: 2979.63
A112: 4.2 | B112: Intrajornada | C112: Valor (R$)
A113: A | B113: Substituto na cobertura de Intervalo para repouso ou alimentação | C113: R$ -
A114: Total | C114: R$ -
A117: Quadro-Resumo do Módulo 4 - Custo de Reposição do Profissional Ausente
A119: 4 | B119: Custo de Reposição do Profissional Ausente | C119: Valor (R$)
A120: 4.1 | B120: Substituto nas Ausências Legais | C120: 220.02
A121: 4.2 | B121: Substituto na Intrajornada | C121: R$ -
...

Sheet Recepcionista Noturno
A1: Processo Administrativo n.° 23166.000255.2026-22
A2: PREGÃO ELETRÔNICO Nº 90004/2026
A4: PLANILHA DE CUSTOS E FORMAÇÃO DE PREÇOS
A5: Com ajustes após publicação da Lei n° 13.467, de 2017; IN 5/17 e IN7/18
A7: Dados para composição dos custos referentes a mão de obra
A8: 1 | B8: Tipo de Serviço (mesmo serviço com características distintas) | C8: Recepcionista 30h C/Add Noturno
A9: 2 | B9: Classificação Brasileira de Ocupações (CBO) | C9: 4221-05
A10: 3 | B10: Salário Normativo da Categoria Profissional | C10: 1996.44
A11: 4 | B11: Categoria Profissional (vinculada à execução contratual) | C11: Recepcionista 30h C/Add Noturno
A12: 5 | B12: Convenção Coletiva | C12: RS000041/2026
A13: 5 | B13: Data-Base da Categoria (dia/mês/ano) | C13: 01º de janeiro
A14: 6 | B14: Data de apresentação desta proposta de preços | C14: xx/xx/2026
A15: 7 | B15: Local da prestação dos serviços | C15: Charqueadas/RS
A16: Nota 1: Deverá ser elaborado um quadro para cada tipo de serviço.
A17: Nota 2: A planilha será calculada considerando o valor mensal do empregado.
A19: Módulo 1 - Composição da Remuneração
A21: 1 | B21: Composição da Remuneração | C21: Valor (R$)
A22: A | B22: Salário-Base (a considerar tendo em vista o ETP) | C22: 1633.45
A23: B | B23: Adicional de Periculosidade | C23: R$ -
A24: C | B24: Adicional de Insalubridade | C24: R$ -
A25: D | B25: Adicional Noturno | C25: 58.99
A26: E | B26: Adicional de Hora Noturna Reduzida | C26: 18.88
A27: F | B27: Outros (Gratificação por Assiduidade) | C27: R$ -
A28: Total | C28: 1711.32
A29: Nota 1: O Módulo 1 refere-se ao valor mensal devido ao empregado pela prestação do serviço no período de 12 meses.
A31: Módulo 2 - Encargos e Benefícios Anuais, Mensais e Diários
A32: Nota 1: Como a planilha de custos e formação de preços é calculada mensalmente, provisiona-se proporcionalmente 1/12 (um doze avos) dos valores referentes a gratificação natalina, férias e adicional de férias.
A33: Nota 2: O adicional de férias contido no Submódulo 2.1 corresponde a 1/3 (um terço) da remuneração que por sua vez é divido por 12 (doze) conforme Nota 1 acima.
A34: Nota 3: Levando em consideração a vigência contratual prevista no art. 57 da Lei nº 8.666, de 23 de junho de 1993, a rubrica férias tem como objetivo principal suprir a necessidade do pagamento das férias remuneradas ao final do contrato de 12 meses. Esta rubrica, quando da prorrogação contratual, torna-se custo não renovável.
A36: Submódulo 2.1 - 13º (décimo terceiro) Salário, Férias e Adicional de Férias
A38: 2.1 | B38: 13º (décimo terceiro) Salário, Férias e Adicional de Férias | C38: Percentual (%) | D38: Valor (R$)
A39: A | B39: 13º (décimo terceiro) Salário | C39: 0.0833 | D39: 142.61
A40: B | B40: Férias e Adicional de Férias | C40: 0.03025 | D40: 51.77
A41: TOTAL | D41: 194.38
A43: • DECLARAMOS para os fins de direito, caso seja declarada vencedora do certame e celebrado o respectivo Contrato Administrativo, que se compromete a observar a legislação trabalhista, previdenciária e de segurança e saúde do trabalho, responsabilizando-se pela formalização e registro contratuais e pela previsão de gastos com meio ambiente do trabalho, incluindo equipamentos de proteção;"
A44: Base de cálculo deste submódulo (M1+SM2.1): | C44: 1905.7
A45: 2.2 | B45: GPS, FGTS e outras contribuições | C45: Percentual (%) | D45: Valor (R$)
A46: A | B46: INSS | C46: 0.2 | D46: 381.14
A47: B | B47: Salário Educação | C47: 0.025 | D47: 47.64
A48: C | B48: SAT - A licitante deve comprovar com a SEFIP o percentual (1% a 3%) | C48: 0.02 | D48: 38.11
A49: D | B49: SESC ou SESI | C49: 0.015 | D49: 28.59
A50: E | B50: SENAI - SENAC | C50: 0.01 | D50: 19.06
A51: F | B51: SEBRAE | C51: 0.006 | D51: 11.43
A52: G | B52: INCRA | C52: 0.002 | D52: 3.81
A53: H | B53: FGTS | C53: 0.08 | D53: 152.46
A54: Total | C54: 0.358 | D54: 682.24
A55: Nota 1: Os percentuais dos encargos previdenciários, do FGTS e demais contribuições são aqueles estabelecidos pela legislação vigente.
A56: Nota 2: O SAT a depender do grau de risco do serviço irá variar entre 1%, para risco leve, de 2%, para risco médio, e de 3% de risco grave.
A57: Nota 3: Esses percentuais incidem sobre o Módulo 1, o Submódulo 2.1.
A59: Submódulo 2.3 - Benefícios Mensais e Diários.
A61: 2.3 | B61: Benefícios Mensais e Diários | D61: Valor (R$)
A62: A | B62: Vale Transporte | D62: 89.19
A63: B | B63: Auxílio-Refeição/Alimentação, conforme CCT (Vales, cesta básica etc.) | D63: 285.78
A64: C | B64: Plano de Saúde | D64: R$ -
A65: D | B65: Seguro de vida | D65: R$ -
A66: E | B66: Cesta Básica | D66: R$ -
A67: F | B67: Plano de Benefício Social Familiar | D67: 24.1
A68: G | B68: Benefício Assistencial ao Trabalhador | D68: R$ -
A69: H | B69: Plano Odontológico | D69: R$ -
A70: I | B70: Prêmio Assiduidade | D70: 40
A71: Total | D71: 439.07
A72: Nota 1: O valor informado deverá ser o custo real do benefício (descontado o valor eventualmente pago pelo empregado).
A73: Nota 2: Observar a previsão dos benefícios contidos em Acordos, Convenções e Dissídios Coletivos de Trabalho e atentar-se ao disposto no art. 6º da Instrução Normativa 05/2017-SEGES/MPDG (pagamento de participação em lucros e resultados).
A75: Quadro-Resumo do Módulo 2 - Encargos e Benefícios anuais, mensais e diários
A77: 2 | B77: Encargos e Benefícios Anuais, Mensais e Diários | C77: Valor (R$)
A78: 2.1 | B78: 13º (décimo terceiro) Salário, Férias e Adicional de Férias | C78: 194.38
A79: 2.2 | B79: GPS, FGTS e outras contribuições | C79: 682.24
A80: 2.3 | B80: Benefícios Mensais e Diários | C80: 439.07
A81: Total | C81: 1315.69
A84: Módulo 3 - Provisão para Rescisão
A85: Base de cálculo deste Modulo (M1): | C85: 1711.32
A86: 3 | B86: Provisão para Rescisão | C86: % | D86: Valor (R$)
A87: A | B87: Aviso Prévio Indenizado | C87: 0.0042 | D87: 7.13
A88: B | B88: Incidência do FGTS sobre o Aviso Prévio Indenizado | C88: 0.0003 | D88: 0.57
A89: C | B89: Multa do FGTS e contribuição social sobre o Aviso Prévio Indenizado. | C89: 0.0325 | D89: 55.62
A90: D | B90: Aviso Prévio Trabalhado | C90: 0.00194 | D90: 3.33
A91: E | B91: Incidência de GPS, FGTS e outras contribuições sobre o Aviso Prévio Trabalhado | C91: 0.0007 | D91: 1.19
A92: F | B92: Multa do FGTS e contribuição social sobre o Aviso Prévio Trabalhado | C92: 0.0075 | D92: 12.83
A93: Total | D93: 80.67
A96: Módulo 4 - Custo de Reposição do Profissional Ausente
A97: Nota 1: Os itens que contemplam o módulo 4 se referem ao custo dos dias trabalhados pelo repositor/substituto, quando o empregado alocado na prestação de serviço estiver ausente, conforme as previsões estabelecidas na legislação.
A99: Submódulo 4.1 - Ausências Legais
A100: Base de cálculo deste Modulo (M1+SM2.2): | C100: 2393.56
A101: 4.1 | B101: Ausências Legais | C101: % | D101: Valor (R$)
A102: A | B102: Substituto na cobertura de Férias | C102: 0.09075 | D102: 217.22
A103: B | B103: Substituto na cobertura de Ausências Legais | C103: 0.0056 | D103: 13.3
A104: C | B104: Substituto na cobertura de Licença - Paternidade | C104: 0 | D104: R$ -
A105: D | B105: Substituto na cobertura de Ausência por acidente de trabalho | C105: 0 | D105: R$ -
A106: E | B106: Substituto na cobertura de Afastamento Maternidade | C106: 0 | D106: R$ -
A107: F | B107: Substituto na cobertura de Outras ausências (especificar) | C107: 0 | D107: R$ -
A108: Total | D108: 230.51
A110: Submódulo 4.2 - Intrajornada
A111: Base de cálculo da Intrajornada (M1+M2+M3): | C111: 3107.68
A112: 4.2 | B112: Intrajornada | C112: Valor (R$)
A113: A | B113: Substituto na cobertura de Intervalo para repouso ou alimentação | C113: R$ -
A114: Total | C114: R$ -
A117: Quadro-Resumo do Módulo 4 - Custo de Reposição do Profissional Ausente
A119: 4 | B119: Custo de Reposição do Profissional Ausente | C119: Valor (R$)
A120: 4.1 | B120: Substituto nas Ausências Legais | C120: 230.51
A121: 4.2 | B121: Substituto na Intrajornada | C121: R$ -
...

Sheet Porteiro
A1: Processo Administrativo n.° 23166.000255.2026-22
A2: PREGÃO ELETRÔNICO Nº 90004/2026
A4: PLANILHA DE CUSTOS E FORMAÇÃO DE PREÇOS
A5: Com ajustes após publicação da Lei n° 13.467, de 2017; IN 5/17 e IN7/18
A7: Dados para composição dos custos referentes a mão de obra
A8: 1 | B8: Tipo de Serviço (mesmo serviço com características distintas) | C8: Porteiro 30 horas semanais.
A9: 2 | B9: Classificação Brasileira de Ocupações (CBO) | C9: 5174-10
A10: 3 | B10: Salário Normativo da Categoria Profissional | C10: 2126.25
A11: 4 | B11: Categoria Profissional (vinculada à execução contratual) | C11: Porteiro 30 horas semanais.
A12: 5 | B12: Convenção Coletiva | C12: RS000041/2026
A13: 5 | B13: Data-Base da Categoria (dia/mês/ano) | C13: 01º de janeiro
A14: 6 | B14: Data de apresentação desta proposta de preços | C14: xx/xx/2026
A15: 7 | B15: Local da prestação dos serviços | C15: Charqueadas/RS
A16: Nota 1: Deverá ser elaborado um quadro para cada tipo de serviço.
A17: Nota 2: A planilha será calculada considerando o valor mensal do empregado.
A19: Módulo 1 - Composição da Remuneração
A21: 1 | B21: Composição da Remuneração | C21: Valor (R$)
A22: A | B22: Salário-Base (a considerar tendo em vista o ETP) | C22: 1739.66
A23: B | B23: Adicional de Periculosidade | C23: R$ -
A24: C | B24: Adicional de Insalubridade | C24: R$ -
A25: D | B25: Adicional Noturno | C25: R$ -
A26: E | B26: Adicional de Hora Noturna Reduzida | C26: R$ -
A27: F | B27: Outros (Gratificação por Assiduidade) | C27: R$ -
A28: Total | C28: 1739.66
A29: Nota 1: O Módulo 1 refere-se ao valor mensal devido ao empregado pela prestação do serviço no período de 12 meses.
A31: Módulo 2 - Encargos e Benefícios Anuais, Mensais e Diários
A32: Nota 1: Como a planilha de custos e formação de preços é calculada mensalmente, provisiona-se proporcionalmente 1/12 (um doze avos) dos valores referentes a gratificação natalina, férias e adicional de férias.
A33: Nota 2: O adicional de férias contido no Submódulo 2.1 corresponde a 1/3 (um terço) da remuneração que por sua vez é divido por 12 (doze) conforme Nota 1 acima.
A34: Nota 3: Levando em consideração a vigência contratual prevista no art. 57 da Lei nº 8.666, de 23 de junho de 1993, a rubrica férias tem como objetivo principal suprir a necessidade do pagamento das férias remuneradas ao final do contrato de 12 meses. Esta rubrica, quando da prorrogação contratual, torna-se custo não renovável.
A36: Submódulo 2.1 - 13º (décimo terceiro) Salário, Férias e Adicional de Férias
A38: 2.1 | B38: 13º (décimo terceiro) Salário, Férias e Adicional de Férias | C38: Percentual (%) | D38: Valor (R$)
A39: A | B39: 13º (décimo terceiro) Salário | C39: 0.0833 | D39: 144.97
A40: B | B40: Férias e Adicional de Férias | C40: 0.03025 | D40: 52.62
A41: TOTAL | D41: 197.6
A43: • DECLARAMOS para os fins de direito, caso seja declarada vencedora do certame e celebrado o respectivo Contrato Administrativo, que se compromete a observar a legislação trabalhista, previdenciária e de segurança e saúde do trabalho, responsabilizando-se pela formalização e registro contratuais e pela previsão de gastos com meio ambiente do trabalho, incluindo equipamentos de proteção;"
A44: Base de cálculo deste submódulo (M1+SM2.1): | C44: 1937.26
A45: 2.2 | B45: GPS, FGTS e outras contribuições | C45: Percentual (%) | D45: Valor (R$)
A46: A | B46: INSS | C46: 0.2 | D46: 387.45
A47: B | B47: Salário Educação | C47: 0.025 | D47: 48.43
A48: C | B48: SAT - A licitante deve comprovar com a SEFIP o percentual (1% a 3%) | C48: 0.02 | D48: 38.75
A49: D | B49: SESC ou SESI | C49: 0.015 | D49: 29.06
A50: E | B50: SENAI - SENAC | C50: 0.01 | D50: 19.37
A51: F | B51: SEBRAE | C51: 0.006 | D51: 11.62
A52: G | B52: INCRA | C52: 0.002 | D52: 3.87
A53: H | B53: FGTS | C53: 0.08 | D53: 154.98
A54: Total | C54: 0.358 | D54: 693.54
A55: Nota 1: Os percentuais dos encargos previdenciários, do FGTS e demais contribuições são aqueles estabelecidos pela legislação vigente.
A56: Nota 2: O SAT a depender do grau de risco do serviço irá variar entre 1%, para risco leve, de 2%, para risco médio, e de 3% de risco grave.
A57: Nota 3: Esses percentuais incidem sobre o Módulo 1, o Submódulo 2.1.
A59: Submódulo 2.3 - Benefícios Mensais e Diários.
A61: 2.3 | B61: Benefícios Mensais e Diários | D61: Valor (R$)
A62: A | B62: Vale Transporte | D62: 82.82
A63: B | B63: Auxílio-Refeição/Alimentação, conforme CCT (Vales, cesta básica etc.) | D63: 285.78
A64: C | B64: Plano de Saúde | D64: R$ -
A65: D | B65: Seguro de vida | D65: R$ -
A66: E | B66: Cesta Básica | D66: R$ -
A67: F | B67: Plano de Benefício Social Familiar | D67: 24.1
A68: G | B68: Benefício Assistencial ao Trabalhador | D68: R$ -
A69: H | B69: Plano Odontológico | D69: R$ -
A70: I | B70: Prêmio Assiduidade | D70: 40
A71: Total | D71: 432.7
A72: Nota 1: O valor informado deverá ser o custo real do benefício (descontado o valor eventualmente pago pelo empregado).
A73: Nota 2: Observar a previsão dos benefícios contidos em Acordos, Convenções e Dissídios Coletivos de Trabalho e atentar-se ao disposto no art. 6º da Instrução Normativa 05/2017-SEGES/MPDG (pagamento de participação em lucros e resultados).
A75: Quadro-Resumo do Módulo 2 - Encargos e Benefícios anuais, mensais e diários
A77: 2 | B77: Encargos e Benefícios Anuais, Mensais e Diários | C77: Valor (R$)
A78: 2.1 | B78: 13º (décimo terceiro) Salário, Férias e Adicional de Férias | C78: 197.6
A79: 2.2 | B79: GPS, FGTS e outras contribuições | C79: 693.54
A80: 2.3 | B80: Benefícios Mensais e Diários | C80: 432.7
A81: Total | C81: 1323.84
A84: Módulo 3 - Provisão para Rescisão
A85: Base de cálculo deste Modulo (M1): | C85: 1739.66
A86: 3 | B86: Provisão para Rescisão | C86: % | D86: Valor (R$)
A87: A | B87: Aviso Prévio Indenizado | C87: 0.00042 | D87: 0.72
A88: B | B88: Incidência do FGTS sobre o Aviso Prévio Indenizado | C88: 3e-05 | D88: 0.058
A89: C | B89: Multa do FGTS e contribuição social sobre o Aviso Prévio Indenizado. | C89: 0.0325 | D89: 56.54
A90: D | B90: Aviso Prévio Trabalhado | C90: 0.00194 | D90: 3.38
A91: E | B91: Incidência de GPS, FGTS e outras contribuições sobre o Aviso Prévio Trabalhado | C91: 0.0007 | D91: 1.21
A92: F | B92: Multa do FGTS e contribuição social sobre o Aviso Prévio Trabalhado | C92: 0.0075 | D92: 13.05
A93: Total | C93: 0.0431 | D93: 74.96
A96: Módulo 4 - Custo de Reposição do Profissional Ausente
A97: Nota 1: Os itens que contemplam o módulo 4 se referem ao custo dos dias trabalhados pelo repositor/substituto, quando o empregado alocado na prestação de serviço estiver ausente, conforme as previsões estabelecidas na legislação.
A99: Submódulo 4.1 - Ausências Legais
A100: Base de cálculo deste Modulo (M1+SM2.2): | C100: 2433.2
A101: 4.1 | B101: Ausências Legais | C101: % | D101: Valor (R$)
A102: A | B102: Substituto na cobertura de Férias | C102: 0.09075 | D102: 220.81
A103: B | B103: Substituto na cobertura de Ausências Legais | C103: 0.0056 | D103: 13.52
A104: C | B104: Substituto na cobertura de Licença - Paternidade | C104: 0 | D104: R$ -
A105: D | B105: Substituto na cobertura de Ausência por acidente de trabalho | C105: 0 | D105: R$ -
A106: E | B106: Substituto na cobertura de Afastamento Maternidade | C106: 0 | D106: R$ -
A107: F | B107: Substituto na cobertura de Outras ausências (especificar) | C107: 0 | D107: R$ -
A108: Total | D108: 234.33
A110: Submódulo 4.2 - Intrajornada
A111: Base de cálculo da Intrajornada (M1+M2+M3): | C111: 3138.46
A112: 4.2 | B112: Intrajornada | C112: Valor (R$)
A113: A | B113: Substituto na cobertura de Intervalo para repouso ou alimentação | C113: R$ -
A114: Total | C114: R$ -
A117: Quadro-Resumo do Módulo 4 - Custo de Reposição do Profissional Ausente
A119: 4 | B119: Custo de Reposição do Profissional Ausente | C119: Valor (R$)
A120: 4.1 | B120: Substituto nas Ausências Legais | C120: 234.33
A121: 4.2 | B121: Substituto na Intrajornada | C121: R$ -
...

Sheet Porteiro noturno
A1: Processo Administrativo n.° 23166.000255.2026-22
A2: PREGÃO ELETRÔNICO Nº 90004/2026
A4: PLANILHA DE CUSTOS E FORMAÇÃO DE PREÇOS
A5: Com ajustes após publicação da Lei n° 13.467, de 2017; IN 5/17 e IN7/18
A7: Dados para composição dos custos referentes a mão de obra
A8: 1 | B8: Tipo de Serviço (mesmo serviço com características distintas) | C8: Porteiro 30h C/Add Noturno
A9: 2 | B9: Classificação Brasileira de Ocupações (CBO) | C9: 5174-10
A10: 3 | B10: Salário Normativo da Categoria Profissional | C10: 2126.25
A11: 4 | B11: Categoria Profissional (vinculada à execução contratual) | C11: Porteiro 30h C/Add Noturno
A12: 5 | B12: Convenção Coletiva | C12: RS000041/2026
A13: 5 | B13: Data-Base da Categoria (dia/mês/ano) | C13: 01º de janeiro
A14: 6 | B14: Data de apresentação desta proposta de preços | C14: xx/xx/2026
A15: 7 | B15: Local da prestação dos serviços | C15: Charqueadas/RS
A16: Nota 1: Deverá ser elaborado um quadro para cada tipo de serviço.
A17: Nota 2: A planilha será calculada considerando o valor mensal do empregado.
A19: Módulo 1 - Composição da Remuneração
A21: 1 | B21: Composição da Remuneração | C21: Valor (R$)
A22: A | B22: Salário-Base (a considerar tendo em vista o ETP) | C22: 1739.66
A23: B | B23: Adicional de Periculosidade | C23: R$ -
A24: C | B24: Adicional de Insalubridade | C24: R$ -
A25: D | B25: Adicional Noturno | C25: 62.82
A26: E | B26: Adicional de Hora Noturna Reduzida | C26: 20.1
A27: F | B27: Outros (Gratificação por Assiduidade) | C27: R$ -
A28: Total | C28: 1822.58
A29: Nota 1: O Módulo 1 refere-se ao valor mensal devido ao empregado pela prestação do serviço no período de 12 meses.
A31: Módulo 2 - Encargos e Benefícios Anuais, Mensais e Diários
A32: Nota 1: Como a planilha de custos e formação de preços é calculada mensalmente, provisiona-se proporcionalmente 1/12 (um doze avos) dos valores referentes a gratificação natalina, férias e adicional de férias.
A33: Nota 2: O adicional de férias contido no Submódulo 2.1 corresponde a 1/3 (um terço) da remuneração que por sua vez é divido por 12 (doze) conforme Nota 1 acima.
A34: Nota 3: Levando em consideração a vigência contratual prevista no art. 57 da Lei nº 8.666, de 23 de junho de 1993, a rubrica férias tem como objetivo principal suprir a necessidade do pagamento das férias remuneradas ao final do contrato de 12 meses. Esta rubrica, quando da prorrogação contratual, torna-se custo não renovável.
A36: Submódulo 2.1 - 13º (décimo terceiro) Salário, Férias e Adicional de Férias
A38: 2.1 | B38: 13º (décimo terceiro) Salário, Férias e Adicional de Férias | C38: Percentual (%) | D38: Valor (R$)
A39: A | B39: 13º (décimo terceiro) Salário | C39: 0.0833 | D39: 151.88
A40: B | B40: Férias e Adicional de Férias | C40: 0.03025 | D40: 55.13
A41: TOTAL | D41: 207.01
A43: • DECLARAMOS para os fins de direito, caso seja declarada vencedora do certame e celebrado o respectivo Contrato Administrativo, que se compromete a observar a legislação trabalhista, previdenciária e de segurança e saúde do trabalho, responsabilizando-se pela formalização e registro contratuais e pela previsão de gastos com meio ambiente do trabalho, incluindo equipamentos de proteção;"
A44: Base de cálculo deste submódulo (M1+SM2.1): | C44: 2029.59
A45: 2.2 | B45: GPS, FGTS e outras contribuições | C45: Percentual (%) | D45: Valor (R$)
A46: A | B46: INSS | C46: 0.2 | D46: 405.92
A47: B | B47: Salário Educação | C47: 0.025 | D47: 50.74
A48: C | B48: SAT - A licitante deve comprovar com a SEFIP o percentual (1% a 3%) | C48: 0.02 | D48: 40.59
A49: D | B49: SESC ou SESI | C49: 0.015 | D49: 30.44
A50: E | B50: SENAI - SENAC | C50: 0.01 | D50: 20.3
A51: F | B51: SEBRAE | C51: 0.006 | D51: 12.18
A52: G | B52: INCRA | C52: 0.002 | D52: 4.06
A53: H | B53: FGTS | C53: 0.08 | D53: 162.37
A54: Total | C54: 0.358 | D54: 726.59
A55: Nota 1: Os percentuais dos encargos previdenciários, do FGTS e demais contribuições são aqueles estabelecidos pela legislação vigente.
A56: Nota 2: O SAT a depender do grau de risco do serviço irá variar entre 1%, para risco leve, de 2%, para risco médio, e de 3% de risco grave.
A57: Nota 3: Esses percentuais incidem sobre o Módulo 1, o Submódulo 2.1.
A59: Submódulo 2.3 - Benefícios Mensais e Diários.
A61: 2.3 | B61: Benefícios Mensais e Diários | D61: Valor (R$)
A62: A | B62: Vale Transporte | D62: 82.82
A63: B | B63: Auxílio-Refeição/Alimentação, conforme CCT (Vales, cesta básica etc.) | D63: 285.78
A64: C | B64: Plano de Saúde | D64: R$ -
A65: D | B65: Seguro de vida | D65: R$ -
A66: E | B66: Cesta Básica | D66: R$ -
A67: F | B67: Plano de Benefício Social Familiar | D67: 24.1
A68: G | B68: Benefício Assistencial ao Trabalhador | D68: R$ -
A69: H | B69: Plano Odontológico | D69: R$ -
A70: I | B70: Prêmio Assiduidade | D70: 40
A71: Total | D71: 432.7
A72: Nota 1: O valor informado deverá ser o custo real do benefício (descontado o valor eventualmente pago pelo empregado).
A73: Nota 2: Observar a previsão dos benefícios contidos em Acordos, Convenções e Dissídios Coletivos de Trabalho e atentar-se ao disposto no art. 6º da Instrução Normativa 05/2017-SEGES/MPDG (pagamento de participação em lucros e resultados).
A75: Quadro-Resumo do Módulo 2 - Encargos e Benefícios anuais, mensais e diários
A77: 2 | B77: Encargos e Benefícios Anuais, Mensais e Diários | C77: Valor (R$)
A78: 2.1 | B78: 13º (décimo terceiro) Salário, Férias e Adicional de Férias | C78: 207.01
A79: 2.2 | B79: GPS, FGTS e outras contribuições | C79: 726.59
A80: 2.3 | B80: Benefícios Mensais e Diários | C80: 432.7
A81: Total | C81: 1366.3
A84: Módulo 3 - Provisão para Rescisão
A85: Base de cálculo deste Modulo (M1): | C85: 1822.58
A86: 3 | B86: Provisão para Rescisão | C86: % | D86: Valor (R$)
A87: A | B87: Aviso Prévio Indenizado | C87: 0.0042 | D87: 7.59
A88: B | B88: Incidência do FGTS sobre o Aviso Prévio Indenizado | C88: 0.0003 | D88: 0.61
A89: C | B89: Multa do FGTS e contribuição social sobre o Aviso Prévio Indenizado. | C89: 0.0325 | D89: 59.23
A90: D | B90: Aviso Prévio Trabalhado | C90: 0.00194 | D90: 3.54
A91: E | B91: Incidência de GPS, FGTS e outras contribuições sobre o Aviso Prévio Trabalhado | C91: 0.0007 | D91: 1.27
A92: F | B92: Multa do FGTS e contribuição social sobre o Aviso Prévio Trabalhado | C92: 0.0075 | D92: 13.67
A93: Total | D93: 85.92
A96: Módulo 4 - Custo de Reposição do Profissional Ausente
A97: Nota 1: Os itens que contemplam o módulo 4 se referem ao custo dos dias trabalhados pelo repositor/substituto, quando o empregado alocado na prestação de serviço estiver ausente, conforme as previsões estabelecidas na legislação.
A99: Submódulo 4.1 - Ausências Legais
A100: Base de cálculo deste Modulo (M1+SM2.2): | C100: 2549.17
A101: 4.1 | B101: Ausências Legais | C101: % | D101: Valor (R$)
A102: A | B102: Substituto na cobertura de Férias | C102: 0.09075 | D102: 231.34
A103: B | B103: Substituto na cobertura de Ausências Legais | C103: 0.0056 | D103: 14.16
A104: C | B104: Substituto na cobertura de Licença - Paternidade | C104: 0 | D104: R$ -
A105: D | B105: Substituto na cobertura de Ausência por acidente de trabalho | C105: 0 | D105: R$ -
A106: E | B106: Substituto na cobertura de Afastamento Maternidade | C106: 0 | D106: R$ -
A107: F | B107: Substituto na cobertura de Outras ausências (especificar) | C107: 0 | D107: R$ -
A108: Total | D108: 245.5
A110: Submódulo 4.2 - Intrajornada
A111: Base de cálculo da Intrajornada (M1+M2+M3): | C111: 3274.8
A112: 4.2 | B112: Intrajornada | C112: Valor (R$)
A113: A | B113: Substituto na cobertura de Intervalo para repouso ou alimentação | C113: R$ -
A114: Total | C114: R$ -
A117: Quadro-Resumo do Módulo 4 - Custo de Reposição do Profissional Ausente
A119: 4 | B119: Custo de Reposição do Profissional Ausente | C119: Valor (R$)
A120: 4.1 | B120: Substituto nas Ausências Legais | C120: 245.5
A121: 4.2 | B121: Substituto na Intrajornada | C121: R$ -
...

Sheet Copeira
A1: Processo Administrativo n.° 23166.000255.2026-22
A2: PREGÃO ELETRÔNICO Nº 90004/2026
A4: PLANILHA DE CUSTOS E FORMAÇÃO DE PREÇOS
A5: Com ajustes após publicação da Lei n° 13.467, de 2017; IN 5/17 e IN7/18
A7: Dados para composição dos custos referentes a mão de obra
A8: 1 | B8: Tipo de Serviço (mesmo serviço com características distintas) | C8: Copeira 40 horas semanais.
A9: 2 | B9: Classificação Brasileira de Ocupações (CBO) | C9: 5134-25
A10: 3 | B10: Salário Normativo da Categoria Profissional | C10: 1765.86
A11: 4 | B11: Categoria Profissional (vinculada à execução contratual) | C11: Copeira 40 horas semanais.
A12: 5 | B12: Convenção Coletiva | C12: RS000041/2026
A13: 5 | B13: Data-Base da Categoria (dia/mês/ano) | C13: 01º de janeiro
A14: 6 | B14: Data de apresentação desta proposta de preços | C14: xx/xx/2026
A15: 7 | B15: Local da prestação dos serviços | C15: Charqueadas/RS
A16: Nota 1: Deverá ser elaborado um quadro para cada tipo de serviço.
A17: Nota 2: A planilha será calculada considerando o valor mensal do empregado.
A19: Módulo 1 - Composição da Remuneração
A21: 1 | B21: Composição da Remuneração | C21: Valor (R$)
A22: A | B22: Salário-Base (a considerar tendo em vista o ETP) | C22: 1765.86
A23: B | B23: Adicional de Periculosidade | C23: R$ -
A24: C | B24: Adicional de Insalubridade | C24: 353.17
A25: D | B25: Adicional Noturno | C25: R$ -
A26: E | B26: Adicional de Hora Noturna Reduzida | C26: R$ -
A27: F | B27: Outros (Gratificação por Assiduidade) | C27: R$ -
A28: Total | C28: 2119.03
A29: Nota 1: O Módulo 1 refere-se ao valor mensal devido ao empregado pela prestação do serviço no período de 12 meses.
A31: Módulo 2 - Encargos e Benefícios Anuais, Mensais e Diários
A32: Nota 1: Como a planilha de custos e formação de preços é calculada mensalmente, provisiona-se proporcionalmente 1/12 (um doze avos) dos valores referentes a gratificação natalina, férias e adicional de férias.
A33: Nota 2: O adicional de férias contido no Submódulo 2.1 corresponde a 1/3 (um terço) da remuneração que por sua vez é divido por 12 (doze) conforme Nota 1 acima.
A34: Nota 3: Levando em consideração a vigência contratual prevista no art. 57 da Lei nº 8.666, de 23 de junho de 1993, a rubrica férias tem como objetivo principal suprir a necessidade do pagamento das férias remuneradas ao final do contrato de 12 meses. Esta rubrica, quando da prorrogação contratual, torna-se custo não renovável.
A36: Submódulo 2.1 - 13º (décimo terceiro) Salário, Férias e Adicional de Férias
A38: 2.1 | B38: 13º (décimo terceiro) Salário, Férias e Adicional de Férias | C38: Percentual (%) | D38: Valor (R$)
A39: A | B39: 13º (décimo terceiro) Salário | C39: 0.0833 | D39: 176.59
A40: B | B40: Férias e Adicional de Férias | C40: 0.03025 | D40: 64.1
A41: TOTAL | D41: 240.69
A43: • DECLARAMOS para os fins de direito, caso seja declarada vencedora do certame e celebrado o respectivo Contrato Administrativo, que se compromete a observar a legislação trabalhista, previdenciária e de segurança e saúde do trabalho, responsabilizando-se pela formalização e registro contratuais e pela previsão de gastos com meio ambiente do trabalho, incluindo equipamentos de proteção;"
A44: Base de cálculo deste submódulo (M1+SM2.1): | C44: 2359.72
A45: 2.2 | B45: GPS, FGTS e outras contribuições | C45: Percentual (%) | D45: Valor (R$)
A46: A | B46: INSS | C46: 0.2 | D46: 471.94
A47: B | B47: Salário Educação | C47: 0.025 | D47: 58.99
A48: C | B48: SAT - A licitante deve comprovar com a SEFIP o percentual (1% a 3%) | C48: 0.02 | D48: 47.19
A49: D | B49: SESC ou SESI | C49: 0.015 | D49: 35.4
A50: E | B50: SENAI - SENAC | C50: 0.01 | D50: 23.6
A51: F | B51: SEBRAE | C51: 0.006 | D51: 14.16
A52: G | B52: INCRA | C52: 0.002 | D52: 4.72
A53: H | B53: FGTS | C53: 0.08 | D53: 188.78
A54: Total | C54: 0.358 | D54: 844.78
A55: Nota 1: Os percentuais dos encargos previdenciários, do FGTS e demais contribuições são aqueles estabelecidos pela legislação vigente.
A56: Nota 2: O SAT a depender do grau de risco do serviço irá variar entre 1%, para risco leve, de 2%, para risco médio, e de 3% de risco grave.
A57: Nota 3: Esses percentuais incidem sobre o Módulo 1, o Submódulo 2.1.
A59: Submódulo 2.3 - Benefícios Mensais e Diários.
A61: 2.3 | B61: Benefícios Mensais e Diários | D61: Valor (R$)
A62: A | B62: Vale Transporte | D62: 52.45
A63: B | B63: Auxílio-Refeição/Alimentação, conforme CCT (Vales, cesta básica etc.) | D63: 483.81
A64: C | B64: Plano de Saúde | D64: R$ -
A65: D | B65: Seguro de vida | D65: R$ -
A66: E | B66: Cesta Básica | D66: R$ -
A67: F | B67: Plano de Benefício Social Familiar | D67: 24.1
A68: G | B68: Benefício Assistencial ao Trabalhador | D68: R$ -
A69: H | B69: Plano Odontológico | D69: R$ -
A70: I | B70: Prêmio Assiduidade | D70: 80
A71: Total | D71: 640.36
A72: Nota 1: O valor informado deverá ser o custo real do benefício (descontado o valor eventualmente pago pelo empregado).
A73: Nota 2: Observar a previsão dos benefícios contidos em Acordos, Convenções e Dissídios Coletivos de Trabalho e atentar-se ao disposto no art. 6º da Instrução Normativa 05/2017-SEGES/MPDG (pagamento de participação em lucros e resultados).
A75: Quadro-Resumo do Módulo 2 - Encargos e Benefícios anuais, mensais e diários
A77: 2 | B77: Encargos e Benefícios Anuais, Mensais e Diários | C77: Valor (R$)
A78: 2.1 | B78: 13º (décimo terceiro) Salário, Férias e Adicional de Férias | C78: 240.69
A79: 2.2 | B79: GPS, FGTS e outras contribuições | C79: 844.78
A80: 2.3 | B80: Benefícios Mensais e Diários | C80: 640.36
A81: Total | C81: 1725.83
A84: Módulo 3 - Provisão para Rescisão
A85: Base de cálculo deste Modulo (M1): | C85: 2119.03
A86: 3 | B86: Provisão para Rescisão | C86: % | D86: Valor (R$)
A87: A | B87: Aviso Prévio Indenizado | C87: 0.0042 | D87: 8.83
A88: B | B88: Incidência do FGTS sobre o Aviso Prévio Indenizado | C88: 0.0003 | D88: 0.71
A89: C | B89: Multa do FGTS e contribuição social sobre o Aviso Prévio Indenizado. | C89: 0.0325 | D89: 68.87
A90: D | B90: Aviso Prévio Trabalhado | C90: 0.00194 | D90: 4.12
A91: E | B91: Incidência de GPS, FGTS e outras contribuições sobre o Aviso Prévio Trabalhado | C91: 0.0007 | D91: 1.48
A92: F | B92: Multa do FGTS e contribuição social sobre o Aviso Prévio Trabalhado | C92: 0.0075 | D92: 15.89
A93: Total | D93: 99.89
A96: Módulo 4 - Custo de Reposição do Profissional Ausente
A97: Nota 1: Os itens que contemplam o módulo 4 se referem ao custo dos dias trabalhados pelo repositor/substituto, quando o empregado alocado na prestação de serviço estiver ausente, conforme as previsões estabelecidas na legislação.
A99: Submódulo 4.1 - Ausências Legais
A100: Base de cálculo deste Modulo (M1+SM2.2): | C100: 2963.81
A101: 4.1 | B101: Ausências Legais | C101: % | D101: Valor (R$)
A102: A | B102: Substituto na cobertura de Férias | C102: 0.09075 | D102: 268.97
A103: B | B103: Substituto na cobertura de Ausências Legais | C103: 0.0056 | D103: 16.47
A104: C | B104: Substituto na cobertura de Licença - Paternidade | C104: 0 | D104: R$ -
A105: D | B105: Substituto na cobertura de Ausência por acidente de trabalho | C105: 0 | D105: R$ -
A106: E | B106: Substituto na cobertura de Afastamento Maternidade | C106: 0 | D106: R$ -
A107: F | B107: Substituto na cobertura de Outras ausências (especificar) | C107: 0 | D107: R$ -
A108: Total | D108: 285.43
A110: Submódulo 4.2 - Intrajornada
A111: Base de cálculo da Intrajornada (M1+M2+M3): | C111: 3944.75
A112: 4.2 | B112: Intrajornada | C112: Valor (R$)
A113: A | B113: Substituto na cobertura de Intervalo para repouso ou alimentação | C113: R$ -
A114: Total | C114: R$ -
A117: Quadro-Resumo do Módulo 4 - Custo de Reposição do Profissional Ausente
A119: 4 | B119: Custo de Reposição do Profissional Ausente | C119: Valor (R$)
A120: 4.1 | B120: Substituto nas Ausências Legais | C120: 285.43
A121: 4.2 | B121: Substituto na Intrajornada | C121: R$ -
...

Sheet Uniformes
A1: UNIFORMES
A3: Recepcionista 30 horas semanais.
A4: Itens | B4: Descrição | C4: Unidade | D4: Valor unitário | E4: Qte Anual | F4: Valor Anual | G4: Valor proporcional por mês
A5: 1 | B5: Calça alfaiataria de bom caimento | C5: Unidade | D5: 74 | E5: 4 | F5: 296 | G5: 24.67
A6: 2 | B6: camisa gola polo tecido piquet identificada com a logomarca da empresa | C6: Unidade | D6: 56 | E6: 4 | F6: 224 | G6: 18.67
A7: 3 | B7: Blusão de lã identificado com a logo da empresa | C7: Unidade | D7: 118 | E7: 2 | F7: 236 | G7: 19.67
A8: 4 | B8: Jaqueta forrada estruturada identificada com a logomarca da empresa com bom caimento e apresentação formal. | C8: Unidade | D8: 120 | E8: 1 | F8: 120 | G8: 10
A9: TOTAL DO CUSTO MENSAL COM UNIFORMES | G9: 73.01
A11: Porteiro 30 horas semanais.
A12: Itens | B12: Descrição | C12: Unidade | E12: Qte anual | F12: Valor ANUAL | G12: Valor proporcional por mês
A13: 1 | B13: Calça alfaiataria de bom caimento | C13: Unidade | D13: 74 | E13: 4 | F13: 296 | G13: 24.67
A14: 2 | B14: camisa gola polo tecido piquet identificada com a logomarca da empresa | C14: Unidade | D14: 56 | E14: 4 | F14: 224 | G14: 18.67
A15: 3 | B15: Blusão de lã identificado com a logo da empresa | C15: Unidade | D15: 118 | E15: 2 | F15: 236 | G15: 19.67
A16: 4 | B16: Jaqueta forrada estruturada identificada com a logomarca da empresa com bom caimento e apresentação formal. | C16: Unidade | D16: 120 | E16: 1 | F16: 120 | G16: 10
A17: 5 | B17: Capa de chuva em nylon | C17: Unidade | D17: 22 | E17: 1 | F17: 22 | G17: 1.83
A18: TOTAL DO CUSTO MENSAL COM UNIFORMES | G18: 74.84
A20: Copeira 40 horas semanais.
A21: Itens | B21: Descrição | C21: Unidade | E21: Qte anual | F21: Valor ANUAL | G21: Valor proporcional por mês
A22: 1 | B22: Touca em tecido oxford com tela em tule | C22: unidade | D22: 14 | E22: 4 | F22: 56 | G22: 4.67
A23: 2 | B23: Calça alfaiataria de bom caimento | C23: Unidade | D23: 74 | E23: 4 | F23: 296 | G23: 24.67
A24: 3 | B24: camisa gola polo tecido piquet identificada com a logomarca da empresa | C24: Unidade | D24: 56 | E24: 4 | F24: 224 | G24: 18.67
A25: 4 | B25: Blusão de lã identificado com a logo da empresa | C25: Unidade | D25: 118 | E25: 2 | F25: 236 | G25: 19.67
A26: 5 | B26: Sapatos em material confortável | C26: Par | D26: 80 | E26: 2 | F26: 160 | G26: 13.33
A27: 6 | B27: Jaqueta forrada estruturada identificada com a logomarca da empresa com bom caimento e apresentação formal. | C27: Unidade | D27: 120 | E27: 1 | F27: 120 | G27: 10
A28: 7 | B28: Jaleco com identificação da empresa | C28: unidade | D28: 70 | E28: 2 | F28: 140
A29: 8 | B29: avental com identificação da empresa | C29: Unidade | D29: 16 | E29: 2 | F29: 32 | G29: 2.67
A30: TOTAL DO CUSTO MENSAL COM UNIFORMES | G30: 93.68
